 Dungeon Crawl Stone Soup version 0.24.0-37-gcf1ca852f1 (webtiles) character file.

Game seed: 18363442575915196231, levelgen mode: deterministic

112768 Gruesph the Warrior (level 16, -4/136 HPs)
             Began as a Demonspawn Abyssal Knight on Nov 25, 2019.
             Was the Champion of Lugonu.
             Blown up by an orb spider (29 damage)
             ... with an orb of destruction
             ... on level 1 of the Spider Nest.
             The game lasted 02:15:20 (33121 turns).

Gruesph the Warrior (Demonspawn Abyssal Knight)    Turns: 33121, Time: 02:15:21

Health: -4/136     AC: 24    Str: 23    XL:     16   Next: 12%
Magic:  23/23      EV: 24    Int: 14    God:    Lugonu [******]
Gold:   316        SH: 13    Dex:  7    Spells: 15/15 levels left

rFire    + . .     SeeInvis +   a - +11 mace of Valiance {elec, +Inv Str+3 Dex-5}
rCold    . . .     Gourm    .   v - +1 shield
rNeg     . . .     Faith    .   y - +2 scale mail {MR+}
rPois    +         Spirit   .   J - +1 hat {SInv}
rElec    .         Reflect  .   u - +2 cloak {rPois}
rCorr    .         Harm     .   N - +2 pair of gloves
MR       +++..                  S - +0 pair of boots
Stlth    +.........             W - amulet of the acrobat
HPRegen  0.32/turn              X - ring "Zoowint" {rF+ MR+ Stlth+}
MPRegen  0.18/turn              K - ring of see invisible

@: acrobat
A: horns 2, slimy green scales 2, powered by death 2, spiny 2
a: Depart the Abyss, Bend Space, Banish, Corrupt, Enter the Abyss, Brand Weapon
With Distortion, Renounce Religion, Evoke Invisibility


You were on level 1 of the Spider Nest.
You worshipped Lugonu.
Lugonu was exalted by your worship.
You were not hungry.

You visited 5 branches of the dungeon, and saw 25 of its levels.
You visited the Abyss 1 time.
You also visited: Bailey.

You collected 2075 gold pieces.
You spent 1759 gold pieces at shops.

Inventory:

Hand Weapons
 a - the +11 mace of Valiance (weapon) {elec, +Inv Str+3 Dex-5}
   (You found it on level 9 of the Dungeon)

   Occasionally, upon striking a foe, it will discharge some electrical energy
   and cause terrible harm.
   It affects your strength (+3).
   It affects your dexterity (-5).
   It lets you turn invisible.
 b - a +1 hunting sling of velocity
 i - a +0 eveningstar of protection
 w - a +4 scimitar of flaming
 V - a +2 demon whip of venom
Missiles
 k - 181 sling bullets
 p - 2 boomerangs of dispersal (quivered)
Armour
 u - a +2 cloak of poison resistance (worn)
 v - a +1 shield (worn)
 y - a +2 scale mail of magic resistance (worn)
 J - a +1 hat of see invisible (worn)
 N - a +2 pair of gloves (worn)
 S - a +0 pair of boots (worn)
Jewellery
 K - a ring of see invisible (right hand)
 W - an amulet of the acrobat (around neck)
 X - the ring "Zoowint" (left hand) {rF+ MR+ Stlth+}
   (You bought it in a shop on level 2 of the Orcish Mines)

   [ring of stealth]

   It protects you from fire.
   It affects your resistance to hostile enchantments.
   It makes you more stealthy.
Wands
 x - a wand of flame (2)
 D - a wand of acid (20)
 E - a wand of iceblast (1)
 G - a wand of disintegration (28)
 I - a wand of polymorph (18)
 P - a wand of paralysis (16)
Scrolls
 d - a scroll of amnesia
 g - 5 scrolls of magic mapping
 l - 9 scrolls of enchant armour
 m - 2 scrolls of blinking
 o - 6 scrolls of enchant weapon
 r - 11 scrolls of remove curse
 C - 2 scrolls of immolation
 H - 12 scrolls of teleportation
 M - 5 scrolls of fog
Potions
 c - 10 potions of curing
 h - 6 potions of heal wounds
 n - 2 potions of resistance
 q - 5 potions of haste
 s - 3 potions of agility
 t - 5 potions of ambrosia
 z - 4 potions of brilliance
 A - 5 potions of flight
 B - 2 potions of magic
 F - a potion of berserk rage
 L - 2 potions of lignification
 R - 2 potions of mutation
 T - a potion of invisibility
 U - a potion of cancellation
Miscellaneous
 e - a lightning rod (inert)
 O - a phial of floods
 Q - a lamp of fire (inert)
Comestibles
 f - 33 rations


   Skills:
 + Level 15.0 Fighting
 - Level 14.0 Maces & Flails
 + Level 12.5 Armour
 - Level 0.8 Dodging
 + Level 10.5 Shields
 - Level 10.0 Invocations
 + Level 7.1 Evocations


You had 15 spell levels left.
You didn't know any spells.
Your spell library contained the following spells:

 Spells                   Type           Power        Failure   Level  Hunger
 Beastly Appendage        Tmut           #.....       71%         1    ##.....
 Confusing Touch          Hex            #.....       71%         1    ##.....
 Magic Dart               Conj           #...         71%         1    ##.....
 Blink                    Tloc           N/A          85%         2    ###....
 Call Imp                 Summ           #.......     85%         2    ###....
 Slow                     Hex            #.......     85%         2    ###....
 Sticks to Snakes         Tmut           #.......     85%         2    ###....
 Confuse                  Hex            #.......     97%         3    ####...
 Conjure Flame            Conj/Fire      #.......     97%         3    ####...
 Gell's Gravitas          Tloc           #.........   97%         3    ####...
 Mephitic Cloud           Conj/Pois/Air  #.......     97%         3    ####...
 Spider Form              Tmut/Pois      #.........   97%         3    ####...
 Ice Form                 Ice/Tmut       #.......     100%        4    #####..
 Petrify                  Tmut/Erth      #.......     100%        4    #####..
 Blade Hands              Tmut           #.........   100%        5    ######.
 Metabolic Englaciation   Hex/Ice        #.........   100%        5    ######.
 Yara's Violent Unravell  Hex/Tmut       #.........   100%        5    ######.


Dungeon Overview and Level Annotations

Branches:
Dungeon (15/15)            Temple (1/1) D:7            Lair (6/6) D:9
 Shoals (0/4) Lair:2       Spider (1/4) Lair:2        Slime (0/5) Lair:6
    Orc (2/2) D:11            Elf (0/3) Orc:2        Vaults (0/5) D:14
 Depths (0/5) D:15         Bailey (visited)

Altars:
Ashenzari
Cheibriados
Dithmenos
Elyvilon
Fedhas
Gozag
Hepliaklqana
Kikubaaqudgha
Makhleb
Nemelex Xobeh
Okawaru
Qazlal
Ru
Sif Muna
Trog
Uskayaw
Vehumet
Wu Jian
Xom
Yredelemnul
Zin
The Shining One
Beogh

Shops:
D:7 =   Orc:1 [   Orc:2 *!(%[

Annotations:
D:1 dig vault
D:12 corrupted
D:15 corrupted
Lair:2 exclusion: oklob plant
Lair:4 exclusion: 2 oklob plants
Abyss:1 Kirke


Innate Abilities, Weirdness & Mutations

You have a pair of horns on your head.
You are mostly covered in slimy green scales. (AC +3)
You regenerate health from kills.
You are mostly covered in sharp spines.


Message History

You barely miss the demonic crawler.
The demonic crawler is almost dead.
The wavering orb of destruction hits the demonic crawler!!
The demonic crawler is blown up!
The orb of destruction hits you!!
The orb spider spins a strand of pure energy.
The orb spider pulsates with a strange energy.
The orb spider spins a strand of pure energy.
You see here a jumping spider corpse.
The orb spider weaves a glowing orb of energy. x2 2 orbs of destruction come into view.
You see here a tarantella corpse.
The orb of destruction hits you!!!
* * * LOW HITPOINT WARNING * * *
The orb spider spins a strand of pure energy.
The orb spider weaves a glowing orb of energy.
You block the orb of destruction.
The orb of destruction dissipates.
An orb of destruction comes into view.
The orb of destruction hits you!!
You die...

.............†.........
.......s.†...†..s.....^
....$......†...........
...........s.......%...
...........○.......^.%.
...........○...........
..#........○...........
...........○..........#
...$.......@##..#...°.^.
................#......>
...........#.............
...........#^....#.....>.
.................#.......
...........†.....^.......
≈.........#.##..#.......$
≈≈.....#..††............
#..^......<^[...........


You could see 3 orb spiders.

Vanquished Creatures
  Gastronok (D:10)
  A shadow dragon (D:12)
  A frost giant (D:12)
  A stone giant (Orc:1)
  An entropy weaver (Spider:1)
  4 ogre magi (Orc:2)
  The ghost of P0WERM0DE the Pandemonic, a journeyman DDFi of Makhleb (Orc:1)
  3 vault guards (D:14)
  4 hydras
  A rakshasa (D:12)
  A deep elf high priest (D:12)
  2 centaur warriors
  4 death yaks (Lair:3)
  15 two-headed ogres
  Urug (Lair:2)
  2 skeletal warriors
  A flayed ghost (D:12)
  A wizard (D:15)
  2 unseen horrors
  A swamp dragon (Lair:6)
  Pikel (D:7)
  7 ugly things
  4 deep elf magi (Bailey)
  4 cyclopes
  7 orb spiders
  4 wolf spiders
  2 orc sorcerers
  6 elephants
  2 manticores
  7 black mambas
  A moth of wrath (Spider:1)
  Joseph (D:8)
  Maurice (D:8)
  A gargoyle (D:15)
  12 spiny frogs
  3 rime drakes
  A freezing wraith (D:15)
  10 komodo dragons
  2 efreet
  A tengu conjurer (D:12)
  13 jumping spiders
  4 meliai
  A merfolk (Lair:2)
  A queen bee (Lair:2)
  6 trolls
  10 hippogriffs
  4 hornets
  5 blink frogs (Lair:4)
  5 slime creatures
  Prince Ribbit (D:7)
  2 polar bears
  Grinder (D:3)
  19 redbacks (Spider:1)
  A wraith (D:11)
  Sigmund (D:2)
  15 tarantellas
  A wyvern (Lair:1)
  7 basilisks
  58 yaks
  8 humans (D:14)
  2 steam dragons (Lair:6)
  A hungry ghost (D:7)
  3 vampire mosquitoes (D:14)
  2 wargs
  3 soldier ants
  11 water moccasins
  Duvessa (D:7)
  3 acid dragons
  3 porcupines (Lair:1)
  6 ice beasts
  3 sky beasts
  2 black bears
  2 swamp drakes (Lair:6)
  16 orc warriors
  2 phantoms
  2 necrophages
  2 eyes of draining
  37 ogres
  12 wolves
  The ghost of Sondor the Twirler, an amateur DsGl (D:3)
  2 boggarts (D:12)
  7 centaurs
  16 crocodiles
  3 big kobolds
  18 bullfrogs
  A wyvern zombie (D:12)
  Dowan (D:7)
  4 scorpions
  36 killer bees
  12 wights
  An electric eel (Lair:2)
  6 howler monkeys
  A bullfrog zombie (D:9)
  A crimson imp (D:12)
  9 hounds
  A quasit (D:10)
  4 centaur skeletons
  9 orc priests
  2 centaur zombies (D:7)
  A bullfrog skeleton (D:12)
  4 jellies
  5 iguanas
  30 orc wizards
  Terence (D:2)
  4 hell rats (Lair:5)
  16 worker ants
  A hound skeleton (D:9)
  A howler monkey skeleton (D:6)
  An adder (shapeshifter) (D:15)
  11 gnolls
  10 adders
  6 shadow imps
  An ooze (D:1)
  2 adder zombies
  5 adder skeletons
  7 worms
  5 leopard geckos
  66 orcs
  3 giant cockroaches
  5 hobgoblins
  7 jackals
  4 quokkas
  3 ball pythons (D:4)
  12 bats
  A frilled lizard (D:3)
  6 goblins
  A jackal skeleton (D:7)
  22 kobolds
  A leopard gecko zombie (D:7)
  A quokka skeleton (D:3)
  15 rats
794 creatures vanquished.

Vanquished Creatures (others)
  Rupert (D:15)
  A frost giant (D:12)
  2 fire dragons
  Josephine (D:15)
  An ogre mage (D:15)
  A centaur warrior (D:12)
  A death knight (D:12)
  5 two-headed ogres
  A tengu warrior (D:12)
  2 skeletal warriors (D:15)
  2 wolf spiders
  A manticore (D:15)
  7 deep elf magi (Bailey)
  A cyclops (D:12)
  A naga mage (D:15)
  An efreet (D:15)
  A demonic crawler (Spider:1)
  A redback (Spider:1)
  2 tarantellas (Spider:1)
  4 wraiths (D:15)
  A human (shapeshifter) (D:15)
  A human (D:14)
  3 hogs (D:15)
  A soldier ant (D:15)
  2 orc warriors
  A sky beast (D:15)
  3 ogres (D:15)
  3 boggarts (D:12)
  A crimson imp (D:15)
  An orc wizard (D:15)
  2 orcs
  A fungus (Lair:4)
  A plant (Lair:4)
  16 starspawn tentacles
74 creatures vanquished.

Grand Total: 868 creatures vanquished

Notes
Turn   | Place    | Note
-------+----------+-------------------------------------------
     0 | Abyss:1  | Gruesph the Demonspawn Abyssal Knight began the quest for
                  | the Orb.
     0 | Abyss:1  | Reached XP level 1. HP: 18/18 MP: 2/2
     4 | D:1      | Escaped the Abyss
    29 | D:1      | Reached * piety under Lugonu
   189 | D:1      | Gained mutation: You regenerate a little health from kills.
                  | [demonic ancestry]
   189 | D:1      | Reached XP level 2. HP: 24/24 MP: 4/4
   739 | D:1      | Gained mutation: You are partially covered in slimy green
                  | scales. (AC +2) [demonic ancestry]
   739 | D:1      | Reached XP level 3. HP: 23/29 MP: 5/5
  1007 | D:2      | Noticed Terence
  1027 | D:2      | Killed Terence
  1125 | D:2      | Gained mutation: You have a pair of small horns on your
                  | head. [demonic ancestry]
  1125 | D:2      | Reached XP level 4. HP: 35/37 MP: 7/7
  1142 | D:2      | Reached ** piety under Lugonu
  1897 | D:3      | Noticed Sigmund
  1918 | D:2      | Killed Sigmund
  1918 | D:2      | Reached skill level 4 in Fighting
  1918 | D:2      | Reached XP level 5. HP: 8/43 MP: 8/8
  2183 | D:3      | Found a shattered altar of Ashenzari.
  2209 | D:3      | Found a runed translucent door.
  2292 | D:3      | Noticed Sondor's ghost (amateur DsGl)
  2328 | D:3      | Noticed Grinder
  2344 | D:3      | Killed Grinder
  2344 | D:3      | Reached skill level 5 in Invocations
  2344 | D:3      | Gained mutation: You are partially covered in sharp spines.
                  | [demonic ancestry]
  2344 | D:3      | Reached XP level 6. HP: 38/49 MP: 8/10
  2477 | D:3      | Found a shadowy altar of Dithmenos.
  2479 | D:3      | Found an ancient bone altar of Kikubaaqudgha.
  3029 | D:3      | Killed Sondor's ghost
  3029 | D:3      | Reached skill level 5 in Fighting
  3211 | D:4      | Reached XP level 7. HP: 53/56 MP: 11/11
  3406 | D:4      | Reached skill level 5 in Maces & Flails
  4027 | D:4      | You fall into a shaft and drop 3 floors!
  4033 | D:7      | Noticed Dowan
  4034 | D:7      | Noticed Duvessa
  4045 | D:7      | Noticed Prince Ribbit
  4058 | D:5      | Entered Level 5 of the Dungeon
  4476 | D:5      | Reached *** piety under Lugonu
  4488 | D:5      | Reached skill level 6 in Fighting
  4488 | D:5      | Reached XP level 8. HP: 47/63 MP: 12/12
  5603 | D:4      | Reached XP level 9. HP: 69/69 MP: 13/13
  7122 | D:6      | Found a shimmering altar of Xom.
  7212 | D:6      | Reached **** piety under Lugonu
  7727 | D:7      | Killed Prince Ribbit
  8125 | D:7      | Noticed Pikel
  8138 | D:7      | Killed Pikel
  8138 | D:7      | Reached skill level 7 in Fighting
  8138 | D:7      | Gained mutation: You have a pair of horns on your head.
                  | [demonic ancestry]
  8138 | D:7      | Reached XP level 10. HP: 79/79 MP: 13/15
  8362 | D:7      | Found a staircase to the Ecumenical Temple.
  8368 | Temple   | Entered the Ecumenical Temple
  8737 | D:7      | Found Atresirphifutz's Jewellery Shop.
  8984 | D:7      | Killed Duvessa
  8988 | D:7      | Killed Dowan
  9376 | D:8      | Noticed Maurice
  9390 | D:8      | Killed Maurice
  9499 | D:8      | Noticed Joseph
  9650 | D:8      | Killed Joseph
  9863 | D:8      | Reached ***** piety under Lugonu
 10422 | D:9      | Found a staircase to the Lair.
 10686 | D:9      | Reached skill level 8 in Fighting
 10686 | D:9      | Reached XP level 11. HP: 45/86 MP: 17/17
 11233 | D:9      | Found a sacrificial altar of Ru.
 11310 | D:9      | Got a crude mace
 11566 | D:9      | Identified the +11 mace of Valiance {elec, +Inv Str+3
                  | Dex-5} (You found it on level 9 of the Dungeon)
 11635 | D:10     | Entered Level 10 of the Dungeon
 11696 | D:10     | Reached skill level 1 in Evocations
 11872 | D:10     | Killed an unseen horror
 12058 | D:10     | Noticed Gastronok
 12071 | D:10     | Killed Gastronok
 12393 | D:11     | Reached skill level 9 in Fighting
 12474 | D:11     | Found a staircase to the Orcish Mines.
 12556 | D:11     | Noticed a two-headed ogre
 12557 | D:11     | Banished a two-headed ogre
 12596 | D:11     | Found a roughly hewn altar of Beogh.
 12716 | D:11     | Reached skill level 5 in Armour
 12935 | D:11     | Reached ****** piety under Lugonu
 12961 | D:11     | Noticed a two-headed ogre
 12967 | D:11     | Killed a two-headed ogre
 12967 | D:11     | Gained mutation: You are mostly covered in sharp spines.
                  | [demonic ancestry]
 12967 | D:11     | Reached XP level 12. HP: 52/96 MP: 18/18
 13238 | D:12     | Noticed a two-headed ogre
 13243 | D:12     | Banished a two-headed ogre
 13246 | D:12     | Reached skill level 5 in Evocations
 13694 | D:12     | You fall into a shaft and drop 3 floors!
 13694 | D:15     | Entered Level 15 of the Dungeon
 13701 | D:15     | Found a glowing golden altar of the Shining One.
 13701 | D:15     | Noticed a two-headed ogre
 13701 | D:15     | Noticed a two-headed ogre
 13703 | D:15     | Noticed an ogre mage
 13703 | D:15     | Noticed a two-headed ogre
 13704 | D:15     | Noticed a two-headed ogre
 13708 | D:15     | Corrupted D:15
 13708 | D:15     | Noticed an ancient lich
 13708 | D:15     | Noticed an Executioner
 13708 | D:15     | Noticed a tentacled starspawn
 13708 | D:15     | Noticed a starcursed mass
 13708 | D:15     | Noticed a starcursed mass
 13708 | D:15     | Noticed a blizzard demon
 13708 | D:15     | Noticed a tentacled starspawn
 13709 | D:15     | Noticed a tentacled starspawn
 13710 | D:15     | Noticed a yellow draconian
 13710 | D:15     | Killed a two-headed ogre
 13711 | D:15     | Noticed a tentacled starspawn
 13711 | D:15     | Noticed a balrug
 13711 | D:15     | Killed a two-headed ogre
 13711 | D:15     | Killed an ogre mage
 13711 | D:15     | Killed a two-headed ogre
 13711 | D:15     | Killed a two-headed ogre
 13712 | D:15     | Noticed a starcursed mass
 13722 | D:15     | Killed Rupert
 13759 | D:15     | Killed Josephine
 13913 | D:15     | Noticed a centaur warrior
 13924 | D:15     | Banished a centaur warrior
 14069 | D:14     | Reached skill level 10 in Fighting
 14172 | D:14     | Noticed a two-headed ogre
 14181 | D:14     | Killed a two-headed ogre
 15276 | D:13     | Reached skill level 1 in Shields
 15763 | D:13     | Reached skill level 11 in Fighting
 15878 | D:13     | Noticed a centaur warrior
 15884 | D:13     | Killed a centaur warrior
 16019 | D:12     | Noticed a centaur warrior
 16020 | D:12     | Noticed a rakshasa
 16031 | D:12     | Killed a rakshasa
 16036 | D:12     | Killed a centaur warrior
 16036 | D:12     | Reached XP level 13. HP: 63/106 MP: 19/19
 16325 | D:12     | Got a shimmering quarterstaff
 16460 | Lair:1   | Entered Level 1 of the Lair of Beasts
 17473 | Lair:2   | Found a hole to the Spider Nest.
 17673 | Lair:2   | Found a staircase to the Shoals.
 18080 | Lair:2   | Noticed Urug
 18093 | Lair:2   | Killed Urug
 18093 | Lair:2   | Reached skill level 10 in Invocations
 18403 | Lair:3   | Reached skill level 12 in Fighting
 18408 | Lair:3   | Got a transparent spear
 18502 | Lair:3   | Reached skill level 5 in Shields
 18808 | Lair:3   | You fall into a shaft and drop 3 floors!
 18808 | Lair:6   | Entered Level 6 of the Lair of Beasts
 19338 | Lair:6   | Gained mutation: You are mostly covered in slimy green
                  | scales. (AC +3) [demonic ancestry]
 19338 | Lair:6   | Reached XP level 14. HP: 115/116 MP: 21/21
 19362 | Lair:6   | Found a staircase to the Slime Pits.
 20568 | Lair:5   | Reached skill level 10 in Armour
 20748 | Lair:5   | You fall into a shaft and drop 1 floor!
 21265 | Lair:4   | Reached skill level 13 in Fighting
 23743 | D:12     | Corrupted D:12
 23743 | D:12     | Noticed a tentacled starspawn
 23743 | D:12     | Noticed a starcursed mass
 23743 | D:12     | Noticed a tentacled starspawn
 23745 | D:12     | Noticed a red very ugly thing
 23775 | D:12     | Identified the +7 hand crossbow "Hellblazer" {velocity,
                  | Str+4 Dex+4}
 24271 | D:12     | Noticed a frost giant
 24282 | D:12     | Killed a frost giant
 24608 | D:12     | Noticed a shadow dragon
 24616 | D:12     | Noticed a frost giant
 24625 | D:12     | Killed a shadow dragon
 25112 | D:12     | Noticed a frost giant
 25113 | D:12     | Noticed a frost giant
 25115 | D:12     | Banished a frost giant
 25117 | D:12     | Banished a frost giant
 25717 | D:12     | Banished a frost giant
 27321 | D:14     | Got a crude short sword
 27640 | D:14     | Reached XP level 15. HP: 109/125 MP: 22/22
 27725 | D:14     | Found a gate to the Vaults.
 27864 | D:15     | Found a glowing golden altar of the Shining One.
 27991 | D:15     | Noticed Kirke
 27994 | D:15     | Banished Kirke
 28222 | D:15     | Found a glowing silver altar of Zin.
 28313 | D:15     | Found a staircase to the Depths.
 28584 | D:15     | Reached skill level 14 in Fighting
 29009 | Orc:1    | Entered Level 1 of the Orcish Mines
 29009 | Orc:1    | Found Gimamin's Armour Shop.
 29082 | Orc:1    | Found a flagged portal.
 29113 | Bailey   | Entered a bailey
 29140 | Bailey   | Corrupted Bailey
 29140 | Bailey   | Noticed a tentacled starspawn
 29140 | Bailey   | Noticed a tentacled starspawn
 29140 | Bailey   | Noticed a tentacled starspawn
 29140 | Bailey   | Noticed a tentacled starspawn
 29145 | Bailey   | Noticed a tentacled starspawn
 29237 | Bailey   | Noticed a tentacled starspawn
 29730 | Orc:2    | Entered Level 2 of the Orcish Mines
 29733 | Orc:2    | Found Waihuyps's Assorted Antiques.
 29927 | Orc:2    | Bought a scroll of teleportation for 93 gold pieces
 29927 | Orc:2    | Bought a scroll of teleportation for 93 gold pieces
 29927 | Orc:2    | Bought a glowing demon whip for 558 gold pieces
 29939 | Orc:2    | Found a staircase to the Elven Halls.
 30240 | Orc:2    | Paralysed by an ogre mage for 2 turns
 30362 | Orc:2    | Found Qeshaphe's Armour Boutique.
 30362 | Orc:2    | Found Nuamim's Food Shoppe.
 30363 | Orc:2    | Found Dylemyaps's Antique Weapon Shoppe.
 30363 | Orc:2    | Found Jan Hian's Distillery.
 30468 | Orc:2    | Bought a potion of curing for 45 gold pieces
 30468 | Orc:2    | Bought 2 potions of haste for 300 gold pieces
 30468 | Orc:2    | Bought a potion of heal wounds for 75 gold pieces
 30468 | Orc:2    | Bought a potion of invisibility for 120 gold pieces
 30468 | Orc:2    | Bought a potion of cancellation for 120 gold pieces
 30468 | Orc:2    | Bought a potion of curing for 45 gold pieces
 30671 | Orc:2    | Bought a twisted diamond amulet for 155 gold pieces
 30671 | Orc:2    | Bought a smoking granite ring for 155 gold pieces
 30676 | Orc:2    | Identified the ring "Zoowint" {rF+ MR+ Stlth+} (You bought
                  | it in a shop on level 2 of the Orcish Mines)
 30721 | Orc:2    | Reached skill level 10 in Shields
 30869 | Orc:1    | Found a large runed translucent door.
 30869 | Orc:1    | Found a large runed translucent door.
 30870 | Orc:1    | Noticed P0WERM0DE's ghost (journeyman DDFi)
 30985 | Orc:1    | Killed P0WERM0DE's ghost
 31315 | Spider:1 | Entered Level 1 of the Spider Nest
 32744 | Spider:1 | Gained mutation: You regenerate health from kills. [demonic
                  | ancestry]
 32744 | Spider:1 | Reached XP level 16. HP: 125/134 MP: 23/23
 33089 | Spider:1 | Reached skill level 15 in Fighting
 33121 | Spider:1 | Blown up by an orb spider

Levels and vault maps discovered:
D:1:      saegor_arrival_simple_b, layout_loops_ring, minmay_misc_feat_encased,
          due_unseen_surprise
D:2:      layout_basic, uniq_terence
D:3:      layout_loops_ring, nicolae_overflow_hidden_temple,
          ebering_ghost_reflecting_pool, kennysheep_generic_room_15,
          uniq_sigmund, uniq_grinder
D:4:      layout_layer_cave, first_ration
D:5:      layout_loops_ring, kennysheep_another_room
D:6:      layout_cave_pools, cheibrodos_sewer_entry_bend, tgw_xom
D:7:      layout_loops_corners, minmay_temple_entry_trees, serial_shops, shop,
          uniq_duvessa, uniq_prince_ribbit1, uniq_pikel
D:8:      layout_basic, uniq_maurice, uniq_joseph
D:9:      minmay_slanted_spiral_squares, layout_basic, nicolae_ru_path_of_blood,
          lair_entry_dummy
D:10:     layout_basic, uniq_gastronok
D:11:     layout_rooms, minmay_orc_entry_temple_small
D:12:     minmay_tearing_corner, layout_loops_cross
D:13:     layout_basic, hangedman_pestilent_swarm
D:14:     layout_gridville, ximxim_vaults_locker_room,
          hangedman_abyss_or_decor_lesser_grid, minmay_increasing_density
D:15:     hangedman_depths_entry_try_elsewhere_first, layout_rooms, basic_altar,
          zin_angel, uniq_kirke, uniq_josephine, uniq_rupert
Temple:   dpeg_five_rooms_temple
Lair:1:   layout_gridlike
Lair:2:   layout_concentric_octagons, elwin_shoals_entry_rooms,
          nicolae_spider_entry_non_spiders, uniq_urug
Lair:3:   layout_small_grid
Lair:4:   layout_small_grid, lemuel_fruit_tree, minmay_lair_oklob_chamber,
          grunt_megastairs_3
Lair:5:   layout_hall_layers, minmay_stone_trees_medium, grunt_megastairs_4,
          infiniplex_staircase_pool_2
Lair:6:   guppyfry_lair_end_dragon, layout_gridlike, dpeg_slime_entry_corner,
          grunt_megastairs_1, lemuel_fruit_fields
Spider:1: layout_spider_delve, special_room [special_room_bee]
Orc:1:    layout_caves, serial_shops, shop, enter_bailey_1,
          ebering_ghost_disaster_area
Orc:2:    st_orc_ogre_mass, layout_diamond_mine, serial_shops, shop

Skill      XL: |  1  2  3  4  5  6  7  8  9 10 11 12 13 14 15 16 |
---------------+-------------------------------------------------+-----
Invocations    | 3 4 5 6 8 10 | 10.0
Maces & Flails | 2 3 4 6 12 13 14 | 14.0
Fighting       | 4 5 6 7 8 9 11 12 13 14 15 | 15.0
Armour         | 2 5 7 9 11 12 | 12.5
Evocations     | 4 6 7 |  7.1
Shields        | 2 5 8 10 | 10.5
Dodging        | |  0.8

Action                   |  1- 3 |  4- 6 |  7- 9 | 10-12 | 13-15 | 16-18 || total
-------------------------+-------+-------+-------+-------+-------+-------++-------
Melee: Mace              |    98 |    62 |    45 |   354 |   996 |    47 ||  1602
       Headbutt          |       |    11 |    53 |   103 |   216 |     7 ||   390
       Flail             |       |       |    49 |       |       |       ||    49
       Morningstar       |       |       |   174 |   288 |       |       ||   462
       Scimitar          |       |       |       |       |    14 |       ||    14
       Demon whip        |       |       |       |       |   135 |       ||   135
 Fire: Hunting sling     |     8 |     2 |    60 |     9 |       |       ||    79
Throw: Stone             |     2 |       |     1 |       |       |       ||     3
Invok: Depart the Abyss  |     1 |       |       |       |       |       ||     1
       Bend Space        |       |       |     1 |     1 |     3 |       ||     5
       Banish            |       |       |       |     5 |    18 |       ||    23
       Corrupt           |       |       |       |     1 |     2 |       ||     3
Evoke: Wand              |       |     5 |     2 |    11 |     5 |       ||    23
       Lightning rod     |       |       |       |       |     4 |     4 ||     8
       Lamp of fire      |       |       |       |       |     1 |     1 ||     2
       Phial of floods   |       |       |       |       |     1 |       ||     1
  Use: Scroll            |       |       |    19 |     4 |    12 |       ||    35
       Potion            |       |       |     3 |     1 |     2 |     1 ||     7
 Stab: Sleeping          |     1 |       |       |       |       |       ||     1
       Paralysed         |       |       |       |     5 |       |       ||     5
  Eat: Chunk             |     1 |     2 |    11 |    21 |    24 |       ||    59
       Ration            |       |     1 |     2 |     2 |    11 |       ||    16
Armor: Leather armour    |    33 |       |       |       |       |       ||    33
       Scale mail        |     4 |    23 |    80 |   186 |   419 |    35 ||   747
       Chain mail        |       |       |    62 |    15 |       |       ||    77
Dodge: Dodged            |    62 |    15 |    72 |   161 |   418 |    29 ||   757
Block: Shield            |       |    16 |   106 |   187 |   608 |    45 ||   962
       Rpst.: Scimitar   |       |       |       |       |     3 |       ||     3
